 Dungeon Crawl Stone Soup version 0.20.1-1-g8b1a95d (webtiles) character file.

8408 valak24 the Spear-Bearer (level 11, 0/97 HPs)
             Began as a White Draconian Berserker on July 19, 2017.
             Was a High Priest of Trog.
             Slain by a wolf (5 damage)
             ... on level 2 of the Lair of Beasts.
             The game lasted 00:24:13 (8897 turns).

valak24 the Spear-Bearer (DrBe)                     Turns: 8897, Time: 00:24:14

Health: 0/97       AC: 11    Str: 24    XL:     11   Next: 9%
Magic:  2/2        EV: 19    Int: 15    God:    Trog [*****.]
Gold:   466        SH:  5    Dex: 19    Spells: 10/10 levels left

rFire    + . .     SeeInvis .   A - +7 falchion of the Lesser Evil {pain, MP-9 Int+6 Dex+4}
rCold    + + .     Gourm    .   l - +0 buckler
rNeg     . . .     Faith    +   (armour unavailable)
rPois    .         Spirit   .   (helmet restricted)
rElec    .         Reflect  .   m - scarf {rC+ rF+}
rCorr    .         Harm     .   (no gloves)
MR       .....                  (no boots)
Stlth    +++.......             v - amulet of faith
Regen    0.3/turn               d - +5 ring of dexterity
MPRegen  0.1/turn               f - +4 ring of protection

@: slowed, very slow
A: breathe frost, unfitting armour, stinger 1, blurry vision 1, clever 1, cold
resistance 1, deterioration 1, cold-blooded, AC +7
a: Breathe Frost, Berserk, Trog's Hand, Brothers in Arms, Burn Spellbooks,
Renounce Religion


You were on level 2 of the Lair of Beasts.
You worshipped Trog.
Trog was extremely pleased with you.
You were hungry.

You visited 2 branches of the dungeon, and saw 10 of its levels.
You also visited: Ossuary.

You collected 466 gold pieces.

Inventory:

Hand Weapons
 a - a +4 spear
 q - a +0 halberd
 A - the +7 falchion of the Lesser Evil (weapon) {pain, MP-9 Int+6 Dex+4}
   (You found it on level 8 of the Dungeon)

   In the hands of one skilled in necromantic magic, it inflicts extra damage on
   living creatures.
   It affects your intelligence (+6).
   It affects your dexterity (+4).
   It affects your magic capacity (-9).
Missiles
 x - 4 steel javelins (quivered)
Armour
 g - a +2 cloak
 l - a +0 buckler (worn)
 m - a scarf of resistance (worn)
 z - a +0 shield
Magical Staves
 p - an uncursed staff of fire {unknown}
Jewellery
 d - a +5 ring of dexterity (left hand)
 f - a +4 ring of protection (right hand)
 o - a +4 ring of protection
 r - an uncursed ring of magical power
 v - an amulet of faith (around neck)
 C - an uncursed amulet of regeneration
Wands
 h - a wand of flame (19/48)
 k - a wand of iceblast (0/15)
Scrolls
 c - 2 scrolls of magic mapping
 e - 9 scrolls of teleportation
 i - 4 scrolls of remove curse
 y - a scroll of fear
Potions
 n - 2 potions of resistance
 s - 2 potions of brilliance
 t - 2 potions of agility
 B - a potion of magic
Comestibles
 b - 5 bread rations
 j - 3 fruits
 u - a meat ration


   Skills:
 * Level 9.0 Fighting
 * Level 4.5 Long Blades
 - Level 10.9 Polearms
 * Level 8.4 Dodging
 + Level 4.4 Stealth
 + Level 3.1 Shields
 + Level 0.2 Evocations


You had 10 spell levels left.
You didn't know any spells.

Dungeon Overview and Level Annotations

Branches:
Dungeon (8/15)             Temple (0/1) D:6            Lair (2/6) D:8
  Swamp: Lair:2-4    Shoals: Lair:2-4     Snake: Lair:2-4    Spider: Lair:2-4

Altars:
Dithmenos
Elyvilon
Fedhas
Nemelex Xobeh
Qazlal

Annotations:
Lair:1 Sonja


Innate Abilities, Weirdness & Mutations

You can breathe waves of freezing cold.
You can buffet flying creatures when you breathe cold.
Your icy white scales are hard. (AC +7)
You cannot fit into any form of body armour.
Your flesh is cold resistant. (rC+)
You are cold-blooded and may be slowed by cold attacks.
Your tail ends in a poisonous barb.
Scrolls take you a little longer to read.
Your mind is acute. (Int +2)
Your body sometimes deteriorates upon taking damage.


Message History

The yak gores the fungus!
The wolf bites you but does no damage.
You hit the wolf but do no damage.
The wolf is moderately wounded.
Your skin stops crawling.
You feel less resistant to hostile enchantments.
The wolf completely misses the fungus.
The yak gores the fungus!
The fungus is destroyed!
The wolf bites you.
* * * LOW HITPOINT WARNING * * *
The wolf bites you.
* * * LOW HITPOINT WARNING * * *
The wolf closely misses you. The wolf barely misses you.
You block the wolf's attack. The wolf bites you!
* * * LOW HITPOINT WARNING * * *
You feel yourself speed up. You block the wolf's attack. The wolf bites you.
* * * LOW HITPOINT WARNING * * *
Being near the torpor snail leaves you feeling lethargic.
The wolf bites you.
You die...

.............?..........
..##.'.###....##...##..
...##.## #....####.#.#
...#..####....##...)#
........#.....##....##
..#....##P....Y......#
...######P.....wY....#..
..##### #.....##hh......
..#.#.####....#.@h##.#..
..............##...# #
......................
##...#...#.##PPP#.####.#
##P##P##.#########
#########


You could see a torpor snail, 2 yaks and 3 wolves.

Vanquished Creatures
  A two-headed ogre (D:8)
  A rime drake (Lair:1)
  A troll (D:8)
  Prince Ribbit (D:5)
  3 blink frogs (Lair:1)
  A hippogriff (D:7)
  Sigmund (D:3)
  3 fire bats (Lair:1)
  2 yaks (Lair:2)
  A porcupine (Lair:2)
  2 orc warriors
  3 ice beasts
  3 ogres
  2 phantoms
  A necrophage (D:6)
  6 wolves
  3 centaurs
  3 crocodiles (Lair:1)
  An elf zombie (Ossuary)
  4 bullfrogs
  A water moccasin zombie (D:6)
  11 killer bees (D:7)
  A vampire bat (D:4)
  A howler monkey (D:4)
  3 electric eels
  2 lava snakes (Lair:1)
  A crimson imp (D:5)
  A quasit (D:7)
  2 centaur zombies (Ossuary)
  11 hounds
  A centaur skeleton (D:8)
  A jelly (D:7)
  2 gnoll shamans
  A human zombie (Ossuary)
  An iguana (D:8)
  6 orc wizards
  Natasha (D:3)
  5 worker ants
  A big kobold zombie (Ossuary)
  A hound skeleton (D:5)
  3 mummies (Ossuary)
  Robin (D:3)
  16 gnolls
  14 adders
  An adder skeleton (D:7)
  6 adder zombies
  3 worms
  3 dart slugs
  4 leopard geckos
  18 orcs
  7 giant cockroaches
  16 hobgoblins
  4 jackals
  A quokka (D:8)
  A ball python (D:4)
  14 bats
  5 frilled lizards
  A giant cockroach zombie (D:6)
  14 goblins
  4 goblin zombies (Ossuary)
  5 hobgoblin zombies (Ossuary)
  A jackal zombie (Ossuary)
  9 kobolds
  3 kobold zombies (Ossuary)
  A leopard gecko skeleton (D:4)
  An orc zombie (Ossuary)
  4 quokka zombies (Ossuary)
  5 rats
  6 rat zombies (Ossuary)
268 creatures vanquished.

Vanquished Creatures (collateral kills)
  2 two-headed ogres (D:8)
  A worker ant (D:8)
3 creatures vanquished.

Vanquished Creatures (others)
  A fungus (Lair:2)
1 creature vanquished.

Grand Total: 272 creatures vanquished

Notes
Turn   | Place    | Note
-------+----------+-------------------------------------------
     0 | D:1      | valak24 the Draconian Berserker began the quest for the Orb.
     0 | D:1      | Reached XP level 1. HP: 19/19 MP: 1/1
   331 | D:1      | Reached XP level 2. HP: 26/26 MP: 2/2
   846 | D:2      | Found a sparkling altar of Nemelex Xobeh.
   852 | D:2      | Found a shadowy altar of Dithmenos.
   852 | D:2      | Found a blossoming altar of Fedhas.
   908 | D:2      | Reached XP level 3. HP: 27/33 MP: 3/3
   945 | D:2      | Reached ** piety under Trog
  1212 | D:2      | Found a white marble altar of Elyvilon.
  1545 | D:2      | Reached skill level 4 in Polearms
  1639 | D:3      | Reached XP level 4. HP: 39/40 MP: 4/4
  1655 | D:3      | Noticed Sigmund
  1676 | D:3      | Killed Sigmund
  1676 | D:3      | Reached skill level 5 in Polearms
  1676 | D:3      | Reached XP level 5. HP: 34/46 MP: 5/5
  1776 | D:3      | Noticed Robin
  1795 | D:3      | Killed Robin
  1868 | D:3      | Noticed Natasha
  1875 | D:3      | Killed Natasha
  1875 | D:3      | Reached XP level 6. HP: 52/52 MP: 6/6
  2017 | D:3      | Reached *** piety under Trog
  2461 | D:4      | Reached skill level 6 in Polearms
  2504 | D:4      | Reached skill level 1 in Stealth
  2694 | D:4      | Your scales start taking on an icy white colour.
  2694 | D:4      | Reached XP level 7. HP: 60/60 MP: 7/7
  2694 | D:4      | Gained mutation: Your flesh is cold resistant. (rC+) [White Draconian growth]
  3353 | D:5      | Entered Level 5 of the Dungeon
  3367 | D:5      | Reached skill level 5 in Fighting
  3552 | D:5      | Reached skill level 7 in Polearms
  3674 | D:5      | Noticed Prince Ribbit
  3694 | D:5      | Killed Prince Ribbit
  4233 | D:5      | Reached XP level 8. HP: 68/68 MP: 8/8
  4405 | D:6      | Reached skill level 8 in Polearms
  4423 | D:6      | Reached **** piety under Trog
  4709 | D:6      | Found a staircase to the Ecumenical Temple.
  4767 | D:6      | Reached skill level 9 in Polearms
  5197 | D:6      | Found a stormy altar of Qazlal.
  5199 | D:6      | Noticed an air elemental
  5263 | D:6      | Reached skill level 5 in Dodging
  5535 | D:7      | Found a sand-covered staircase.
  5545 | Ossuary  | Entered an ossuary
  5565 | Ossuary  | Reached XP level 9. HP: 75/75 MP: 9/9
  5663 | Ossuary  | Reached ***** piety under Trog
  5833 | Ossuary  | Reached skill level 10 in Polearms
  5923 | D:7      | Gained mutation: Your spells are a little harder to cast, but a little more powerful. [potion of mutation]
  5923 | D:7      | Gained mutation: You have a pair of small horns on your head. [potion of mutation]
  5923 | D:7      | Gained mutation: Your spells are harder to cast, but more powerful. [potion of mutation]
  5924 | D:7      | Lost mutation: Your spells are harder to cast, but more powerful. [potion of mutation]
  5924 | D:7      | Lost mutation: You have a pair of small horns on your head. [potion of mutation]
  5924 | D:7      | Lost mutation: Your spells are a little harder to cast, but a little more powerful. [potion of mutation]
  5924 | D:7      | Gained mutation: Your mind is acute. (Int +2) [potion of mutation]
  5924 | D:7      | Gained mutation: Your body sometimes deteriorates upon taking damage. [potion of mutation]
  5924 | D:7      | Gained mutation: Scrolls take you a little longer to read. [potion of mutation]
  5924 | D:7      | Gained mutation: Your tail ends in a poisonous barb. [potion of mutation]
  5984 | D:7      | Received a gift from Trog
  6335 | D:7      | Reached skill level 1 in Shields
  7004 | D:8      | Found a staircase to the Lair.
  7006 | D:8      | Noticed a troll
  7037 | D:8      | Reached XP level 10. HP: 82/86 MP: 10/10
  7104 | D:8      | Got a brightly glowing falchion
  7107 | D:8      | Identified the +7 falchion of the Lesser Evil {pain, MP-9 Int+6 Dex+4} (You found it on level 8 of the Dungeon)
  7139 | D:8      | Noticed a two-headed ogre
  7154 | D:8      | Killed a two-headed ogre
  7539 | D:8      | Noticed a two-headed ogre
  7550 | D:8      | Killed a two-headed ogre
  7550 | D:8      | Reached skill level 1 in Long Blades
  7641 | D:8      | Noticed a two-headed ogre
  7652 | D:8      | Killed a two-headed ogre
  8073 | Lair:1   | Entered Level 1 of the Lair of Beasts
  8463 | Lair:1   | Reached XP level 11. HP: 97/97 MP: 2/11
  8495 | Lair:1   | Noticed a seven-headed hydra
  8521 | Lair:1   | Noticed Sonja
  8897 | Lair:2   | Slain by a wolf

Skill      XL: |  1  2  3  4  5  6  7  8  9 10 11 |
---------------+----------------------------------+-----
Dodging        | 3 4 5 6 8 |  8.4
Polearms       | 4 5 6 7 9 10 | 10.9
Fighting       | 4 5 7 9 |  9.0
Stealth        | 1 2 3 4 |  4.4
Shields        | 1 3 |  3.1
Long Blades    | 3 4 |  4.5
Evocations     | |  0.2

Action                   |  1- 3 |  4- 6 |  7- 9 | 10-12 || total
-------------------------+-------+-------+-------+-------++-------
Melee: Spear             |   134 |   144 |   589 |    35 ||   902
       Tailslap          |    12 |    17 |    84 |    27 ||   140
       Falchion          |       |       |       |    97 ||    97
Invok: Berserk           |       |       |     2 |       ||     2
       Trog's Hand       |       |       |       |     3 ||     3
       Brothers in Arms  |       |       |       |     3 ||     3
       Burn Spellbooks   |       |       |       |     1 ||     1
 Abil: Breathe Frost     |       |       |     1 |       ||     1
Evoke: Wand              |       |       |     3 |     2 ||     5
  Use: Scroll            |     7 |     7 |     6 |     4 ||    24
       Potion            |       |     2 |     8 |     2 ||    12
 Stab: Sleeping          |     1 |     9 |    16 |     2 ||    28
  Eat: Bread ration      |     1 |       |     1 |     1 ||     3
       Chunk             |       |     1 |     4 |     2 ||     7
       Meat ration       |       |       |     2 |       ||     2
Armor: Skin              |    21 |    35 |   124 |    62 ||   242
Dodge: Dodged            |    53 |    66 |   286 |   210 ||   615
Block: Buckler           |       |       |    58 |    55 ||   113
       Rpst.: Falchion   |       |       |       |    48 ||    48
